 Dungeon Crawl Stone Soup version 0.22-a0-322-g60b3cfd (webtiles) character file.

26950 Cattac the Warrior (level 13, -2/193 HPs)
             Began as a Minotaur Berserker on Apr 3, 2018.
             Was a High Priest of Trog.
             Slain by a wraith (5 damage)
             ... on level 14 of the Dungeon on Apr 4, 2018.
             The game lasted 01:28:44 (11613 turns).

Cattac the Warrior (Minotaur Berserker)            Turns: 11613, Time: 01:28:45

Health: -2/193     AC: 26    Str: 31    XL:     13   Next: 1%
Magic:  12/12      EV:  2    Int:  4    God:    Trog [*****.]
Gold:   777        SH: 24    Dex: 11    Spells: 12/12 levels left

rFire    . . .     SeeInvis .   v - +7 flail (crush)
rCold    . . .     Gourm    .   l - +0 large shield
rNeg     + + +     Faith    .   (armour currently unavailable)
rPois    +         Spirit   .   (helmet currently unavailable)
rElec    .         Reflect  +   (cloak currently unavailable)
rCorr    .         Harm     .   (gloves currently unavailable)
MR       ++...     NoTele   +   (boots currently unavailable)
Stlth    +.........             i - +5 amulet of reflection
HPRegen  1.42/turn              f - ring of poison resistance
MPRegen  0.13/turn              (no ring)

@: mighty, tree-form (expiring), berserk cooldown, regenerating, slowed, very
slow
A: (retaliatory headbutt)
a: Berserk, Trog's Hand, Brothers in Arms, Renounce Religion


You were on level 14 of the Dungeon.
You worshipped Trog.
Trog was extremely pleased with you.
You were not hungry.
You were a tree.
You visited 1 branch of the dungeon, and saw 14 of its levels.
You also visited: Bailey.

You collected 896 gold pieces.
You spent 119 gold pieces at shops.

Inventory:

Hand Weapons
 b - a +0 dire flail
 v - a +7 flail of crushing (weapon)
 x - a +5 antimagic great mace
Armour
 l - a +0 large shield (worn)
 r - a +1 plate armour (melded)
 s - a +0 cloak (melded)
 w - a +1 pair of boots (melded)
 D - a +0 pair of gloves (melded)
Jewellery
 f - a ring of poison resistance (left branch)
 i - a +5 amulet of reflection (around neck)
Wands
 t - a wand of digging (18)
 u - a wand of paralysis (13)
 H - a wand of clouds (10)
Scrolls
 g - 9 scrolls of teleportation
 j - a scroll of noise {unknown}
 k - 2 scrolls of magic mapping
 m - 4 scrolls of blinking
 n - a scroll of holy word {unknown}
 o - 3 scrolls of immolation
 y - 2 scrolls of summoning {unknown}
 C - a scroll of fog {unknown}
 G - a scroll of vulnerability {unknown}
Potions
 d - a potion of ambrosia {unknown}
 e - 2 potions of lignification
 h - a potion of resistance {unknown}
 p - 2 potions of experience {unknown}
 q - 3 potions of mutation
 z - a potion of heal wounds
 A - a potion of flight {unknown}
 E - 2 potions of agility {unknown}
 F - 6 potions of curing {unknown}
Comestibles
 c - 12 rations
 B - 4 chunks of flesh


   Skills:
 * Level 16.2 Fighting
   Level 4.1(10.0) Axes
 + Level 12.5(12.8) Maces & Flails
   Level 5.9(6.5) Polearms
 + Level 10.9 Armour
 - Level 2.3 Dodging
 - Level 10.0 Shields


You had 12 spell levels left.
You didn't know any spells.

Dungeon Overview and Level Annotations

Branches:
Dungeon (14/15)            Temple (0/1) D:6            Lair (0/6) D:10
    Orc (0/2) D:12
 Vaults: D:13-14

Altars:
Ashenzari
Cheibriados
Elyvilon
Hepliaklqana
Nemelex Xobeh
Okawaru
Ru
Sif Muna
Trog
Uskayaw
Wu Jian
Xom
Yredelemnul
The Shining One

Shops:
D:4 =!=*   D:7 [


Innate Abilities, Weirdness & Mutations

((You reflexively headbutt those who attack you in melee.))
((You have a pair of horns on your head.))


Message History

* * * LOW HITPOINT WARNING * * *
The slime creature hits you but does no damage.
The slime creature hits you.
* * * LOW HITPOINT WARNING * * *
The wraith hits you but does no damage. You block the troll's attack.
The troll claws you but does no damage. x2
You block the large slime creature's attack.
The slime creature hits you but does no damage.
Eat one of 5 chunks of flesh? (ye/n/q)
You eat one of the 5 chunks of flesh.
This raw flesh tastes terrible.
The slime creature hits you.
* * * LOW HITPOINT WARNING * * *
You block the slime creature's attack. You block the wraith's attack.
The troll bites you but does no damage.
The troll claws you but does no damage. x2
You block the large slime creature's attack.
The slime creature hits you but does no damage. x2
The slime creature hits you!
* * * LOW HITPOINT WARNING * * *
The wraith hits you.
You die...

############
#..........# ####
#..........##########...
#..........##.........##
#...?......#..#########
+.....WJJ..'.##
#....ZJ♣.).###
#.....TJ...#
####'####### #.Z# ##W#
#.# ... ..... .......


You could see a large slime creature, 3 slime creatures, a troll, a wraith and a
wyvern zombie.

Vanquished Creatures
  Gastronok (D:8)
  An orc warlord (Bailey)
  Josephine (D:13)
  Erica (D:8)
  2 centaur warriors (D:13)
  5 two-headed ogres
  Sonja (D:11)
  3 unseen horrors
  3 deep elf magi
  An ugly thing (D:12)
  A manticore (D:10)
  A cyclops (D:11)
  2 gargoyles
  A centaur skeleton (D:11)
  A komodo dragon (D:13)
  A tengu conjurer (D:10)
  2 trolls (D:12)
  A slime creature (D:14)
  A hornet (D:12)
  4 hippogriffs
  A hornet (shapeshifter) (D:13)
  2 shadows (D:11)
  3 wraiths (D:13)
  A wyvern (D:14)
  A fire bat (shapeshifter) (D:13)
  15 yaks
  A hungry ghost (D:13)
  Eustachio (D:4)
  A steam dragon (D:10)
  Menkaure (D:4)
  4 porcupines (D:10)
  A water moccasin (D:13)
  7 orc warriors
  4 ice beasts
  A hornet zombie (D:7)
  An eye of draining (D:10)
  2 necrophages
  4 sky beasts
  6 ogres
  8 centaurs
  2 crocodiles
  3 big kobolds
  4 bullfrogs
  A gnoll sergeant (D:12)
  6 scorpions
  A water moccasin skeleton (D:4)
  9 killer bees
  4 wights (D:11)
  A howler monkey (D:9)
  A vampire bat (D:9)
  3 crimson imps
  A bullfrog zombie (D:6)
  5 orc priests
  A bullfrog skeleton (D:5)
  4 hounds
  13 orc wizards
  Natasha (thrice) (D:2)
  An iguana (D:10)
  11 worker ants
  A hound skeleton (D:8)
  3 worker ant zombies
  4 gnolls
  12 adders
  A shadow imp (D:8)
  2 oozes (D:6)
  An adder zombie (D:6)
  3 worms
  2 dart slugs (D:1)
  4 leopard geckos
  45 orcs
  2 ball pythons
  7 giant cockroaches
  13 hobgoblins
  15 jackals
  3 quokkas
  13 bats
  4 frilled lizards
  13 goblins
  28 kobolds
  A leopard gecko skeleton (D:6)
  9 rats
  A fungus (D:10)
  2 plants (D:10)
362 creatures vanquished.

Vanquished Creatures (collateral kills)
  A gargoyle (D:10)
  An orc warrior (D:12)
  2 orcs (D:12)
  A fungus (D:10)
5 creatures vanquished.

Vanquished Creatures (others)
  2 centaurs (D:10)
  4 kobolds (Bailey)
  A plant (D:10)
7 creatures vanquished.

Grand Total: 374 creatures vanquished

Notes
Turn   | Place    | Note
-------+----------+-------------------------------------------
     0 | D:1      | Cattac the Minotaur Berserker began the quest for the Orb.
     0 | D:1      | Reached XP level 1. HP: 19/19 MP: 0/0
    72 | D:1      | Reached XP level 2. HP: 25/27 MP: 1/1
   186 | D:1      | Reached skill level 1 in Polearms
   310 | D:1      | Reached skill level 4 in Fighting
   458 | D:1      | Reached XP level 3. HP: 27/33 MP: 2/2
   601 | D:1      | Reached ** piety under Trog
   792 | D:2      | Found a white marble altar of Elyvilon.
   857 | D:2      | Noticed Natasha
   866 | D:2      | Killed Natasha
   866 | D:2      | Reached XP level 4. HP: 41/41 MP: 3/3
  1074 | D:2      | Noticed Natasha
  1078 | D:2      | Killed Natasha
  1281 | D:2      | Noticed Natasha
  1288 | D:2      | Killed Natasha
  1288 | D:2      | Reached skill level 5 in Fighting
  1288 | D:2      | Reached XP level 5. HP: 48/48 MP: 4/4
  2038 | D:3      | Reached *** piety under Trog
  2525 | D:4      | Reached XP level 6. HP: 57/57 MP: 5/5
  2533 | D:4      | Reached skill level 6 in Fighting
  2683 | D:4      | Reached skill level 5 in Polearms
  2777 | D:4      | Found Veac's Jewellery Shop.
  2808 | D:4      | Found Kyezum's Assorted Antiques.
  2824 | D:4      | Found Fofughaq's Distillery.
  2835 | D:4      | Noticed Menkaure
  2854 | D:4      | Killed Menkaure
  2854 | D:4      | Reached XP level 7. HP: 32/64 MP: 6/6
  2886 | D:4      | Noticed Eustachio
  2938 | D:4      | Killed Eustachio
  2938 | D:4      | Reached **** piety under Trog
  2938 | D:4      | Reached skill level 7 in Fighting
  3075 | D:4      | Reached skill level 5 in Armour
  3124 | D:4      | Found Oledenes's Jewellery Emporium.
  3342 | D:4      | Found a sacrificial altar of Ru.
  3520 | D:5      | Entered Level 5 of the Dungeon
  3524 | D:5      | Found a sparkling altar of Nemelex Xobeh.
  3580 | D:5      | Reached skill level 1 in Maces & Flails
  3604 | D:5      | Found a shattered altar of Ashenzari.
  3604 | D:5      | You fall through a shaft for 2 floors!
  3690 | D:6      | Reached skill level 8 in Fighting
  3690 | D:6      | Reached XP level 8. HP: 73/73 MP: 7/7
  3895 | D:6      | Found an ornate altar of the Wu Jian Council.
  3970 | D:6      | Reached skill level 5 in Maces & Flails
  4019 | D:6      | Reached skill level 9 in Fighting
  4110 | D:6      | Found a staircase to the Ecumenical Temple.
  4229 | D:6      | Found a hazy altar of Hepliaklqana.
  4250 | D:6      | Found a deep blue altar of Sif Muna.
  4256 | D:6      | Found a shimmering altar of Xom.
  4281 | D:6      | Found a basalt altar of Yredelemnul.
  4292 | D:6      | Found a glowing golden altar of the Shining One.
  4294 | D:6      | Noticed an angel
  4770 | D:7      | Reached XP level 9. HP: 83/83 MP: 8/8
  5121 | D:7      | Found Xeumaon's Armour Shoppe.
  5129 | D:7      | Bought a +0 helmet for 67 gold pieces
  5129 | D:7      | Bought a cursed +0 pair of gloves for 52 gold pieces
  5310 | D:7      | Reached skill level 10 in Fighting
  5601 | D:8      | Reached skill level 1 in Shields
  5630 | D:8      | Noticed Gastronok
  5649 | D:8      | Killed Gastronok
  5649 | D:8      | Reached XP level 10. HP: 85/92 MP: 9/9
  5716 | D:8      | Noticed a two-headed ogre
  5722 | D:8      | Killed a two-headed ogre
  5918 | D:8      | Reached skill level 5 in Shields
  6041 | D:8      | Found a hide-covered altar of Uskayaw.
  6092 | D:8      | Noticed Erica
  6131 | D:8      | Killed Erica
  6131 | D:8      | Reached skill level 11 in Fighting
  6387 | D:8      | Found a shattered altar of Ashenzari.
  6552 | D:8      | Found a bloodstained altar of Trog.
  7095 | D:10     | Entered Level 10 of the Dungeon
  7308 | D:10     | Reached skill level 12 in Fighting
  7312 | D:10     | Noticed a gargoyle
  7321 | D:10     | Killed a gargoyle
  7321 | D:10     | Reached XP level 11. HP: 103/103 MP: 10/10
  7324 | D:10     | Found a staircase to the Lair.
  7380 | D:10     | Found a snail-covered altar of Cheibriados.
  7401 | D:10     | Reached skill level 10 in Armour
  8149 | D:11     | Noticed Sonja
  8171 | D:11     | Killed Sonja
  8171 | D:11     | Reached skill level 10 in Maces & Flails
  8251 | D:11     | Found a flagged portal.
  8387 | Bailey   | Entered a bailey
  8392 | Bailey   | Noticed an orc warlord
  8492 | Bailey   | Found a runed gate.
  8494 | Bailey   | Found a runed gate.
  8499 | Bailey   | Found a runed gate.
  8508 | Bailey   | Reached ***** piety under Trog
  8567 | Bailey   | Killed an orc warlord
  8567 | Bailey   | Reached skill level 13 in Fighting
  8880 | D:11     | Reached skill level 14 in Fighting
  8901 | D:11     | Found the amulet of Vitality {Regen+ HP+15}
  8939 | D:11     | Found an iron altar of Okawaru.
  8953 | D:11     | Noticed a two-headed ogre
  8961 | D:11     | Killed a two-headed ogre
  9177 | D:12     | Noticed a deep elf mage
  9187 | D:12     | Reached XP level 12. HP: 116/116 MP: 11/11
  9285 | D:12     | Found a shattered altar of Ashenzari.
  9314 | D:12     | Noticed a two-headed ogre
  9323 | D:12     | Killed a two-headed ogre
  9745 | D:12     | Found a staircase to the Orcish Mines.
 10018 | D:12     | Received a gift from Trog
 10207 | D:13     | Noticed Josephine
 10217 | D:13     | Killed Josephine
 10217 | D:13     | Reached skill level 15 in Fighting
 10342 | D:13     | Reached skill level 10 in Shields
 10672 | D:13     | Noticed a centaur warrior
 10681 | D:13     | Killed a centaur warrior
 10779 | D:13     | Noticed a two-headed ogre
 10783 | D:13     | Killed a two-headed ogre
 10885 | D:13     | Reached skill level 16 in Fighting
 11196 | D:13     | Noticed a centaur warrior
 11203 | D:13     | Killed a centaur warrior
 11260 | D:13     | Noticed a two-headed ogre
 11268 | D:13     | Killed a two-headed ogre
 11587 | D:14     | Reached XP level 13. HP: 128/128 MP: 12/12
 11613 | D:14     | HP: 3/193 [slime creature (10)]
 11613 | D:14     | Slain by a wraith

Vault maps used:
D:1:      mrwooster_arrival_statue_3, minmay_cupped
D:2:      elyvilon_altar_1, uniq_natasha
D:3:      first_ration
D:4:      minmay_wonky_spiral, nicolae_ru_path_of_blood, serial_shops,
          nicolae_shop_stone, nicolae_shop_stone, shop, nicolae_shop_waterfront,
          lemuel_old_faithful, uniq_menkaure, uniq_eustachio
D:5:      lemuel_crystal_altar, nemelex_xobeh_ov_fountains_minmay, basic_altar,
          glass_columns_c, tgw_sif
D:6:      grunt_temple_overflow_holy_war, kennysheep_little_box,
          grunt_temple_overflow_open, minmay_temple_entry_from_below_a,
          st_stairs_5
D:7:      serial_shops, shop
D:8:      lightli_temple_of_fire, lemuel_coloured_pillars_altar,
          nicolae_overflow_crystal_walls, uniq_erica, uniq_gastronok
D:9:      roderic_batcave
D:10:     grunt_lair_entry_orc_guard_hut, grunt_tengu_nest, st_stairs_5,
          cheibriados_altar_1
D:11:     basic_altar, enter_bailey_8, uniq_sonja
D:12:     david_orc_4, ashenzari_altar_1
D:13:     uniq_josephine
D:14:     grunt_vaults_entry_tiered, serial_bayou_pond_e
Bailey:   bailey_axe_bossmonster_kennysheep, bailey

Skill      XL: |  1  2  3  4  5  6  7  8  9 10 11 12 |
---------------+-------------------------------------+-----
Axes           | 4 |  4.1
Polearms       | 1 2 3 4 5 |  5.9
Fighting       | 4 5 6 8 9 10 12 14 16 | 16.2
Armour         | 3 4 5 6 8 9 10 | 10.9
Maces & Flails | 3 6 9 11 12 | 12.5
Shields        | 4 6 9 10 | 10.0
Dodging        | |  2.3

Action                   |  1- 3 |  4- 6 |  7- 9 | 10-12 | 13-15 || total
-------------------------+-------+-------+-------+-------+-------++-------
Melee: Spear             |    94 |   159 |    41 |       |       ||   294
       Headbutt          |    12 |    22 |    45 |   113 |       ||   192
       Flail             |       |       |   173 |   576 |    10 ||   759
Invok: Berserk           |     3 |     7 |     7 |    18 |       ||    35
       Trog's Hand       |       |     1 |     1 |     1 |     1 ||     4
       Brothers in Arms  |       |       |       |     2 |       ||     2
Evoke: Wand              |       |       |       |     1 |       ||     1
  Use: Scroll            |     2 |     4 |     4 |    17 |       ||    27
       Potion            |     1 |     3 |     1 |     2 |     5 ||    12
 Stab: Sleeping          |     1 |       |       |       |       ||     1
       Invisible         |       |       |     1 |     2 |       ||     3
  Eat: Chunk             |     2 |     6 |     7 |    21 |     1 ||    37
       Ration            |       |     2 |     3 |     5 |       ||    10
Armor: Animal skin       |     6 |       |       |       |       ||     6
       Ring mail         |     8 |     6 |       |       |       ||    14
       Plate armour      |       |    70 |   160 |   240 |     1 ||   471
       Skin              |       |       |       |    10 |    46 ||    56
Dodge: Dodged            |    35 |    36 |    26 |    60 |     7 ||   164
Block: Large shield      |       |       |   187 |   597 |    44 ||   828
       Reflection        |       |       |     8 |    77 |       ||    85

Table legend:
 A = Spawn XP
 B = Non-spawn XP
 C = Spawn XP percentage of total XP
 D = Spawn monster count
 E = Non-spawn monster count
 F = Spawn count percentage of total count
 G = Total turns spent on level
                    A         B        C        D         E        F      G
               +---------+---------+-------+---------+---------+-------+---------
         Total |       0 |   38501 |   0.0 |       0 |     369 |   0.0 | 11613
               +---------+---------+-------+---------+---------+-------+---------
           D:1 |       0 |      57 |   0.0 |       0 |      32 |   0.0 |   734
           D:2 |       0 |     159 |   0.0 |       0 |      19 |   0.0 |   962
           D:3 |       0 |     163 |   0.0 |       0 |      30 |   0.0 |   809
           D:4 |       0 |     745 |   0.0 |       0 |      34 |   0.0 |  1015
           D:5 |       0 |      42 |   0.0 |       0 |       1 |   0.0 |    84
           D:6 |       0 |    1325 |   0.0 |       0 |      23 |   0.0 |  1021
           D:7 |       0 |    1066 |   0.0 |       0 |      20 |   0.0 |   951
           D:8 |       0 |    5243 |   0.0 |       0 |      18 |   0.0 |   986
           D:9 |       0 |    1010 |   0.0 |       0 |      22 |   0.0 |   533
          D:10 |       0 |    3263 |   0.0 |       0 |      29 |   0.0 |  1054
          D:11 |       0 |    6731 |   0.0 |       0 |      39 |   0.0 |   705
          D:12 |       0 |    4752 |   0.0 |       0 |      41 |   0.0 |  1019
          D:13 |       0 |   10831 |   0.0 |       0 |      35 |   0.0 |  1350
          D:14 |       0 |    1116 |   0.0 |       0 |       3 |   0.0 |    80
        Bailey |       0 |    1998 |   0.0 |       0 |      23 |   0.0 |   310
               +---------+---------+-------+---------+---------+-------+---------
